 Dungeon Crawl Stone Soup version 0.23-a0-484-g29ba69c (webtiles) character file.

63 mopl the Chucker (level 3, -3/33 HPs)
             Began as a Troll Hunter on Nov 30, 2018.
             Slain by a gnoll
             ... wielding a +0 spear
              (6 damage)
             ... on level 2 of the Dungeon.
             The game lasted 00:01:28 (607 turns).

mopl the Chucker (Troll Hunter)                      Turns: 607, Time: 00:01:29

Health: -3/33      AC:  5    Str: 20    XL:     3   Next: 89%
Magic:  2/2        EV: 10    Int:  7    God:
Gold:   28         SH:  0    Dex: 11    Spells: 2/2 levels left

rFire    . . .     SeeInvis .     - Unarmed
rCold    . . .     Gourm    +   (no shield)
rNeg     . . .     Faith    .   b - +0 robe
rPois    .         Spirit   .   (helmet restricted)
rElec    .         Reflect  .   (no cloak)
rCorr    .         Harm     .   (gloves unavailable)
MR       .....                  (boots unavailable)
Stlth    +.........             (no amulet)
HPRegen  0.51/turn              (no ring)
MPRegen  0.08/turn              (no ring)

@: no status effects
A: large, unfitting armour, claws 3, fast metabolism 3, gourmand, regeneration
1, shaggy fur 1, tough skin 2
a: no special abilities


You were on level 2 of the Dungeon.
You were completely stuffed.

You visited 1 branch of the dungeon, and saw 3 of its levels.

You collected 28 gold pieces.

Inventory:

Missiles
 c - 5 large rocks (quivered)
 d - 2 throwing nets
 i - 13 stones
Armour
 b - a +0 robe (worn)
Scrolls
 e - a scroll of remove curse {unknown}
 k - a scroll of amnesia {unknown}
Potions
 a - a potion of agility {unknown}
 g - a potion of flight {unknown}
 h - a potion of degeneration {unknown}
 j - a potion of brilliance {unknown}
Comestibles
 f - 4 rations
 l - 3 chunks of flesh


   Skills:
 - Level 1.5 Fighting
 + Level 4.1 Throwing
 - Level 1.5 Dodging
 - Level 0.3 Stealth
 * Level 2.8 Unarmed Combat


You had 2 spell levels left.
You didn't know any spells.
Your spell library was empty.

Dungeon Overview and Level Annotations

Branches:
Dungeon (3/15)

Altars:


Innate Abilities, Weirdness & Mutations

You are too large for most types of armour.
You have claws for hands.
Your metabolism is lightning-fast.
You like to eat raw meat.
Your natural rate of healing is unusually fast.
You are covered in fur. (AC +1)
You have very tough skin. (AC +2)


Message History

You kill the kobold!
You scratch the orc.
The orc is heavily wounded.
The orc hits you with a +0 mace!
You closely miss the orc.
The orc is heavily wounded.
You closely miss the orc.
The orc is heavily wounded.
The orc closely misses you.
You completely miss the orc.
The orc is heavily wounded.
The orc hits you with a +0 mace.
You barely miss the orc.
The orc is heavily wounded.
The orc barely misses you. The orc misses you.
You climb upwards.
The gnoll hits you with a +0 spear!
* * * LOW HITPOINT WARNING * * *
The gnoll hits you with a +0 spear.
You die...

#.. #.# #.# #.#
#.##
###############.#.
#@g...............
#o................
###...###########.
#...# ...#) #...#
#.#g ##### #..g
...#+#g..
.."......
..>....##


You could see a gnoll and an orc.

Vanquished Creatures
  3 gnolls
  An adder (D:2)
  A leopard gecko (D:1)
  3 giant cockroaches (D:1)
  3 goblins
  4 hobgoblins (D:1)
  3 kobolds
  A ball python (D:2)
  2 bats (D:1)
  2 frilled lizards
  A rat (D:2)
24 creatures vanquished.

Notes
Turn   | Place    | Note
-------+----------+-------------------------------------------
     0 | D:1      | mopl the Troll Hunter began the quest for the Orb.
     0 | D:1      | Reached XP level 1. HP: 19/19 MP: 0/0
   107 | D:1      | Reached skill level 1 in Unarmed Combat
   122 | D:1      | Reached XP level 2. HP: 27/27 MP: 1/1
   442 | D:2      | Reached skill level 2 in Unarmed Combat
   442 | D:2      | Reached XP level 3. HP: 33/33 MP: 2/2
   522 | D:2      | Reached skill level 4 in Throwing
   607 | D:2      | Slain by a gnoll

Vault maps used:
D:1:      lemuel_arrival_hallway, minmay_tetromino_t2
D:2:      cheibrodos_greedy_goblins, tgw_kikubaaqudgha
D:3:      first_ration, grunt_dithmenos_smoke, uniq_ijyb, uniq_jessica

Skill      XL: |  1  2  3 |
---------------+----------+-----
Unarmed Combat | 1 2 |  2.8
Throwing       | 4 |  4.1
Fighting       | |  1.5
Dodging        | |  1.5
Stealth        | |  0.3

Action                   || total
-------------------------++-------
Melee: Unarmed           ||    57
       Punch             ||     3
 Stab: Sleeping          ||     1
  Eat: Chunk             ||    11
Armor: Robe              ||    17
Dodge: Dodged            ||    37

Table legend:
 A = Non-vault XP
 B = Vault XP
 C = Vault XP percentage of total XP
 D = Non-vault monster count
 E = Vault monster count
 F = Vault count percentage of total count
                 A         B        C        D         E       F
            +---------+---------+-------+---------+---------+-------
      Total |      89 |       2 |   2.2 |      23 |       1 |   4.2
            +---------+---------+-------+---------+---------+-------
        D:1 |      24 |       2 |   7.7 |      13 |       1 |   7.1
        D:2 |      35 |       0 |   0.0 |       7 |       0 |   0.0
        D:3 |      30 |       0 |   0.0 |       3 |       0 |   0.0
            +---------+---------+-------+---------+---------+-------
